 Dungeon Crawl Stone Soup version 0.27.1-33-g824d729ab1 (webtiles) character file.

Game seed: 13982194554809649727

59 hilljack the Grave Robber (level 3, -5/19 HPs)
             Began as a Deep Elf Necromancer on Dec 19, 2021.
             Slain by a gnoll (11 damage)
             ... on level 2 of the Dungeon.
             The game lasted 00:03:47 (2076 turns).

hilljack the Grave Robber (Deep Elf Necromancer)    Turns: 2076, Time: 00:03:47

Health: -5/19      AC:  3    Str:  5    XL:     3   Next: 78%
Magic:  1/9        EV: 11    Int: 20    God:
Gold:   71         SH:  0    Dex: 15    Spells: 3/8 levels left

rFire    . . .     SeeInvis +   c - +0 dagger
rCold    . . .     Faith    .   (no shield)
rNeg     . . .     Spirit   .   b - +0 leather armour
rPois    .         Reflect  .   (no helmet)
rElec    .         Harm     .   g - scarf {+Inv}
rCorr    .         Rampage  .   (no gloves)
Will     .....                  (no boots)
Stlth    ++........             (no amulet)
HPRegen  0.06/turn              (no ring)
MPRegen  0.11/turn              (no ring)

@: no status effects
A: see invisible, screaming 1
a: Evoke Invisibility


You were on level 2 of the Dungeon.
You visited 1 branch of the dungeon, and saw 2 of its levels.

You collected 71 gold pieces.

Inventory:

Hand Weapons
 c - a +0 dagger (weapon)
Armour
 a - a +0 robe
 b - a +0 leather armour (worn)
 g - a scarf of invisibility (worn)
Scrolls
 d - a scroll of magic mapping {unknown}
 e - a scroll of teleportation {unknown}
 f - a scroll of summoning {unknown}
 i - a scroll of identify {unknown}
 k - a scroll of blinking {unknown}
Potions
 j - a potion of resistance {unknown}


   Skills:
 + Level 2.1 Short Blades
 - Level 2.4 Dodging
 - Level 2.9 Stealth
 - Level 3.0 Spellcasting
 - Level 5.1 Necromancy
 + Level 1.9 Evocations


You had 3 spell levels left.
You knew the following spells:

 Your Spells              Type           Power      Damage    Failure   Level
a - Pain                  Necr           92%        1d8       3%          1
b - Animate Skeleton      Necr           46%        N/A       3%          1
c - Vampiric Draining     Necr           11%        2d7       9%          3

Your spell library contained the following spells:

 Spells                   Type           Power      Damage    Failure   Level
 Animate Dead             Necr           11%        N/A       28%         4
 Agony                    Necr           23%        N/A       63%         5
 Summon Forest            Summ/Tloc      1%         N/A       100%        5
 Summon Mana Viper        Hex/Summ       3%         N/A       100%        5
 Shadow Creatures         Summ           N/A        N/A       100%        6


Dungeon Overview and Level Annotations

Branches:
Dungeon (2/15)

Altars:


Innate Abilities, Weirdness & Mutations

You have supernaturally acute eyesight. (SInv)
You occasionally shout uncontrollably at your foes.


Message History

Aiming: Pain (safe; 3% risk of failure)
Press: ? - help, Shift-Dir - straight line, f/p - gnoll
Aim: a gnoll, wielding a +1 flail of protection (heavily wounded, chance to affect: 88%)
The gnoll writhes in agony.
Casting: Pain (safe; 3% risk of failure)
Confirm with . or Enter, or press ? or * to list all spells.
The spell is extremely dangerous to cast (9% risk of failure)!
Continue anyway? [Y]es or [N]o only, please.
The spell is extremely dangerous to cast (9% risk of failure)!
Continue anyway?
Aiming: Vampiric Draining (extremely dangerous; 9% risk of failure)
Press: ? - help, Shift-Dir - straight line, f/p - gnoll
Aim: a gnoll, wielding a +1 flail of protection (severely wounded)
You draw life force from the gnoll!
You kill the gnoll!
You feel life coursing into your body.
Casting: Vampiric Draining (extremely dangerous; 9% risk of failure)
Confirm with . or Enter, or press ? or * to list all spells.
Aiming: Pain (safe; 3% risk of failure)
Press: ? - help, Shift-Dir - straight line, f - gnoll
Aim: a gnoll, wielding a +0 halberd (chance to affect: 88%)
The gnoll writhes in agony.
The gnoll misses you.
Casting: Pain (safe; 3% risk of failure)
Confirm with . or Enter, or press ? or * to list all spells.
Aiming: Pain (safe; 3% risk of failure)
Press: ? - help, Shift-Dir - straight line, f/p - gnoll
Aim: a gnoll, wielding a +0 halberd (lightly wounded, chance to affect: 88%)
The gnoll barely resists.
The gnoll hits you from afar with a +0 halberd!
Ouch! That really hurt!
The gnoll barely misses you.
You see here a +1 flail of protection.
Casting: Pain (safe; 3% risk of failure)
Confirm with . or Enter, or press ? or * to list all spells.
You don't have enough magic to cast this spell.
A gnoll is nearby!
It was a potion of mutation.
You feel extremely strange.
You feel the urge to shout.
Your vision sharpens.
The gnoll hits you with a +0 halberd!
Ouch! That really hurt!
You die...

)# #.#.# #.....#
.#
#.#.#######.###.#
.#
#.#...........#.#
.#
#.#########.#.#.#
.# #.# #.#...# )#
#.# #.##### .#
#.# .# #.#######
.. #..@g...#
#######.# ####.#
#....# #g#### #.#
#g# ...gg...#
........#


You could see a gnoll.

Vanquished Creatures
  A gnoll (D:2)
  An adder (D:2)
  2 worms (D:2)
  5 endoplasms
  A giant cockroach (D:2)
  3 goblins
  2 hobgoblins
  3 kobolds
  3 quokkas
  2 ball pythons
  3 bats
  3 frilled lizards (D:1)
  7 rats
36 creatures vanquished.

Notes
Turn   | Place    | Note
-------+----------+-------------------------------------------
     0 | D:1      | hilljack the Deep Elf Necromancer began the quest for the
                  | Orb.
     0 | D:1      | Reached XP level 1. HP: 10/10 MP: 6/6
   181 | D:1      | Reached skill level 5 in Necromancy
   347 | D:1      | Reached XP level 2. HP: 14/15 MP: 6/8
   795 | D:1      | Reached skill level 1 in Short Blades
  1165 | D:2      | Found a faded altar of an unknown god.
  1523 | D:2      | Reached skill level 1 in Evocations
  1527 | D:2      | Reached XP level 3. HP: 10/19 MP: 2/9
  1731 | D:2      | Learned a level 1 spell: Animate Skeleton
  1866 | D:2      | Learned a level 3 spell: Vampiric Draining
  2076 | D:2      | Gained mutation: You occasionally shout uncontrollably at
                  | your foes. [potion of mutation]
  2076 | D:2      | Gained mutation: You have supernaturally acute eyesight.
                  | (SInv) [potion of mutation]
  2076 | D:2      | Slain by a gnoll

Illustrated notes

Levels and vault maps discovered:
D:1:      amcnicky_arrival_gap_in_the_tavern_cellar, layout_basic,
          dk_noncrumbling_3
D:2:      layout_basic, hellmonk_ecumenical_altar_zigzags

Skill      XL: |  1  2  3 |
---------------+----------+-----
Necromancy     | 5 |  5.1
Short Blades   | 1 2 |  2.1
Evocations     | 1 |  1.9
Dodging        | |  2.4
Stealth        | |  2.9
Spellcasting   | |  3.0

Action                   || total
-------------------------++-------
Melee: Dagger            ||    47
 Cast: Pain              ||    46
       Animate Skeleton  ||     1
       Vampiric Draining ||     1
 Abil: Evoke Invisibilit ||     1
  Use: Potion            ||     1
 Stab: Sleeping          ||     4
       Distracted        ||     1
Armor: Leather armour    ||    17
Dodge: Dodged            ||    39
